 Dungeon Crawl Stone Soup version 0.22-a0-223-g0f5d773 (webtiles) character file.

76169 4thArraOfDagon the Bludgeoner (level 15, -17/92 HPs)
             Began as an Octopode Arcane Marksman on Feb 18, 2018.
             Was the Champion of Hepliaklqana.
             Killed from afar by a deep elf knight (45 damage)
             ... with a shard of ice
             ... on level 3 of the Elven Halls.
             The game lasted 01:24:10 (15509 turns).

4thArraOfDagon the Bludgeoner (OpAM)               Turns: 15509, Time: 01:24:11

Health: -17/92     AC:  7    Str:  7    XL:     15   Next: 52%
Magic:  38/38      EV: 21    Int: 23    God:    Hepliaklqana [******]
Gold:   2075       SH:  6    Dex: 16    Spells: 30/34 levels left

rFire    + . .     SeeInvis +   P - +3 morningstar (drain)
rCold    . . .     Gourm    .   N - +1 buckler {AC+3}
rNeg     . . .     Faith    .   F - +2 hat {SInv}
rPois    +         Spirit   .   y - amulet of rage
rElec    .         Reflect  .   d - ring of poison resistance
rCorr    .         Harm     .   K - +1 ring of evasion
MR       ++...                  V - ring of wizardry
Stlth    ++++......             X - ring of protection from magic
HPRegen  1.25/turn              Z - ring of stealth
MPRegen  0.26/turn              U - ring of fire
                                J - ring of Gadwith {MP+9 Str-4 Int+2 Dex+4 Stlth+}
                                (no ring)

@: regenerating
A: almost no armour, stealthy swim, amphibious, 8 rings, constrict 8, reduced
essence, camouflage 1, cold resistance 1, shaggy fur 1, gelatinous body 1
a: Recall Ancestor, Ancestor Identity, Transference, Idealise, Renounce
Religion, Evoke Berserk Rage


You were on level 3 of the Elven Halls.
You worshipped Hepliaklqana.
Hepliaklqana was exalted by your worship.
You were not hungry.

You visited 4 branches of the dungeon, and saw 25 of its levels.
You also visited: Ice Cave.

You collected 2533 gold pieces.
You spent 458 gold pieces at shops.

Inventory:

Hand Weapons
 b - a +0 blowgun
 P - a +3 morningstar of draining (weapon)
Missiles
 C - 2 javelins (quivered)
 Y - 7 poisoned javelins
Armour
 F - a +2 hat of see invisible (worn)
 N - a +1 buckler of protection (worn)
Jewellery
 d - a ring of poison resistance (left tentacle)
 y - an amulet of rage (around mantle)
 H - an uncursed amulet of regeneration
 J - the ring of Gadwith (on tentacle) {MP+9 Str-4 Int+2 Dex+4 Stlth+}
   (You acquired it on level 3 of the Elven Halls)

   [ring of intelligence]

   It affects your strength (-4).
   It affects your intelligence (+2).
   It affects your dexterity (+4).
   It affects your magic capacity (+9).
   It makes you more stealthy.
 K - a +1 ring of evasion (right tentacle)
 L - an uncursed ring of ice
 U - a ring of fire (on tentacle)
 V - a ring of wizardry (on tentacle)
 X - a ring of protection from magic (on tentacle)
 Z - a ring of stealth (on tentacle)
Wands
 s - a wand of paralysis (7)
 u - a wand of digging (14)
 v - a wand of flame (23)
 w - a wand of disintegration (5)
 D - a wand of iceblast (6)
 Q - a wand of polymorph (16)
Scrolls
 g - 12 scrolls of teleportation
 l - 2 scrolls of amnesia
 n - 3 scrolls of blinking
 p - a scroll of random uselessness
 q - 3 scrolls of magic mapping
 t - 4 scrolls of enchant weapon
 z - 2 scrolls of summoning
 A - 9 scrolls of remove curse
 B - a scroll of immolation
 E - 2 scrolls of enchant armour
 I - 3 scrolls of fog
 O - a scroll of holy word
 W - 2 scrolls of brand weapon
Potions
 e - 3 potions of haste
 f - 2 potions of lignification
 h - 7 potions of curing
 i - 3 potions of resistance
 j - 2 potions of cancellation
 k - 2 potions of might
 m - a potion of flight
 r - 3 potions of agility
 x - a potion of magic
 G - 3 potions of ambrosia
 R - 2 potions of brilliance
 S - 3 potions of invisibility
 T - a potion of heal wounds
Miscellaneous
 M - a lightning rod (4/4)
Comestibles
 a - 20 rations


   Skills:
 - Level 10.2 Fighting
 * Level 16.9 Maces & Flails
 - Level 2.0 Throwing
 - Level 10.0 Dodging
 - Level 4.1 Shields
 + Level 10.2 Spellcasting
 - Level 3.0 Hexes
 - Level 4.4 Charms
 - Level 4.5 Necromancy
 - Level 7.0 Invocations
 - Level 3.2 Evocations


You had 30 spell levels left.
You knew the following spells:

 Your Spells              Type           Power        Failure   Level  Hunger
a - Corona                Hex            ####...      1%          1    None
b - Regeneration          Chrm/Necr      ####......   1%          3    None


Dungeon Overview and Level Annotations

Branches:
Dungeon (14/15)            Temple (0/1) D:5            Lair (6/6) D:10
  Swamp (0/4) Lair:2       Spider (0/4) Lair:3        Slime (0/5) Lair:6
    Orc (2/2) D:10            Elf (3/3) Orc:2
 Vaults: D:13-14

Altars:
Cheibriados
Gozag
Hepliaklqana
Kikubaaqudgha
Sif Muna
Vehumet
Xom
Zin
Jiyva

Shops:
D:12 [   Orc:2 ?(*?   Elf:2 (   Elf:3 [

Annotations:
D:8 Amnesiac's ghost, novice CeHu; Erica


Innate Abilities, Weirdness & Mutations

You cannot wear most types of armour.
You are very stealthy in the water. (Stealth+)
You are amphibious.
You can wear up to eight rings at the same time.
You can use your tentacles to constrict eight enemies at once.
Your skin changes colour to match your surroundings (Stealth+).
Your rubbery body absorbs attacks. (AC +1, EV +1)
Your life essence is reduced to manifest your ancestor. (-10% HP)
Your flesh is cold resistant. (rC+)
You are covered in fur. (AC +1)


Message History

Unknown command.
Unknown command.
You closely miss the deep elf knight. You grab the deep elf knight.
You constrict the deep elf knight.
The deep elf knight hits you but does no damage.
Unknown command.
Unknown command.
You sock the deep elf knight!
The deep elf knight is moderately wounded.
You constrict the deep elf knight.
Amala hits the deep elf knight with a dagger of draining!
Unknown command.
Unknown command.
Unknown command.
You puncture the deep elf knight!
The deep elf knight is severely wounded.
You constrict the deep elf knight.
The deep elf knight gestures at you while chanting.
The shard of ice hits you!
You die...

...#..#..#.......#..#,,,*,,,*
...#..#..#.......#..#,,,*,,,*
...#..#..#.......#..#,,,**,,** *
...#..#..#.......#..#*,,,*,,,****
..(#..#..#.......#..#*,,,**,,,,,,
.(.#..#..#.......#..#*,,,,**,,,,,
(.(#..#..#.......#..#**,,,,***,,,
.).#.))..#......Re.e# *,,,,,,****
)###..#).#......@#..# **,,,,,,,,,
......#..).......#..# ***,,,,,,,
(.....#..###'###.#..# ****,,,,
#######.##.....###..#############
.....(.##.......##...............
.......#..#####..#........e(....e
########.##...##.##############+#
..,,,,#...........#,,,,,,,,,,,,,,
#######..#.....#..#*,,,,,,,,,,,,,


You could see the friendly Amala the hexer, a deep elf knight (invisible) and a
deep elf mage.

Vanquished Creatures
  A stone giant (Orc:2)
  Fannar (Orc:1)
  A hydra (Lair:4)
  3 two-headed ogres
  4 dancing weapons
  3 orc high priests (Orc:2)
  Nergalle (Lair:2)
  8 deep elf knights
  An unseen horror (D:10)
  4 deep elf archers (Elf:3)
  A necromancer (IceCv)
  Pikel (D:5)
  4 orc sorcerers (Orc:2)
  An orb spider (Lair:3)
  15 deep elf magi
  3 orc knights (Orc:2)
  8 ugly things
  2 ice statues (IceCv)
  2 black mambas
  Joseph (D:10)
  2 gargoyles
  18 spiny frogs
  A torpor snail (Lair:4)
  A rime drake (Lair:6)
  A komodo dragon (shapeshifter) (D:13)
  5 komodo dragons
  6 ice devils (IceCv)
  3 meliai (D:12)
  3 trolls
  A tengu conjurer (D:13)
  A polar bear (Lair:6)
  3 tyrant leeches (Lair:6)
  9 dream sheep
  5 hippogriffs
  12 blink frogs
  3 slime creatures (D:13)
  A vampire (D:10)
  2 wyverns
  A basilisk (Lair:4)
  20 yaks
  A hungry ghost (D:9)
  6 vampire mosquitoes (Lair:6)
  A fire elemental (Elf:3)
  A warg (Orc:2)
  10 porcupines
  9 water moccasins
  3 ice beasts
  13 orc warriors
  An eye of draining (D:12)
  4 black bears
  3 phantoms
  15 wolves
  2 centaurs (D:10)
  8 ogres
  9 crocodiles
  2 big kobolds (D:9)
  23 bullfrogs
  2 wyvern skeletons
  A water moccasin zombie (D:7)
  3 scorpions
  A killer bee (D:11)
  2 howler monkeys
  5 crimson imps
  A draconian simulacrum (IceCv)
  A centaur zombie (D:5)
  6 hounds
  9 orc priests
  3 bullfrog skeletons (D:12)
  2 centaur skeletons
  6 iguanas
  2 jellies
  A hexer (D:10)
  14 orc wizards
  2 spriggan simulacra (IceCv)
  2 worker ants (D:6)
  A killer bee zombie (D:9)
  4 troll simulacra (IceCv)
  A centaur simulacrum (IceCv)
  A hound zombie (D:3)
  8 adders
  A howler monkey skeleton (D:9)
  2 ogre simulacra (IceCv)
  3 shadow imps
  A worm (D:9)
  A dart slug (D:1)
  5 leopard geckos
  57 orcs
  3 giant cockroaches
  8 goblins
  2 hobgoblins
  9 jackals
  7 quokkas
  6 bats
  2 frilled lizards
  15 kobolds
  A leopard gecko skeleton (D:7)
  3 rats
  3 fungi (Lair:4)
  2 plants (Lair:6)
483 creatures vanquished.

Vanquished Creatures (collateral kills)
  A two-headed ogre (D:9)
  A tengu warrior (D:13)
  An orc high priest (Orc:2)
  A deep elf knight (Elf:3)
  An unseen horror (D:13)
  3 ugly things
  An orc knight (Orc:2)
  An orc sorcerer (Orc:1)
  A manticore (D:13)
  A black mamba (Lair:6)
  An ice statue (IceCv)
  3 spiny frogs (Lair:6)
  A komodo dragon (Lair:6)
  2 tyrant leeches (Lair:6)
  A dream sheep (Lair:6)
  3 slime creatures (D:13)
  3 blink frogs (Lair:6)
  A hippogriff (Lair:6)
  A water elemental (Elf:2)
  A spriggan (D:7)
  5 yaks
  A hog (shapeshifter) (D:13)
  A basilisk (Lair:3)
  8 water moccasins
  2 sky beasts
  3 orc warriors
  An ogre (D:6)
  A phantom (D:11)
  2 wolves
  2 centaurs
  6 crocodiles
  4 bullfrogs
  A scorpion (D:7)
  4 killer bees (D:11)
  An orc priest (Orc:2)
  3 hounds
  6 orc wizards
  An iguana (D:6)
  A worker ant (D:4)
  2 hound skeletons (D:5)
  2 adders (D:3)
  A shadow imp (D:7)
  A worm (D:2)
  11 orcs
  A giant cockroach (D:2)
  A goblin (D:3)
  A hobgoblin (D:1)
  2 jackals (D:1)
  2 kobolds (D:9)
  A frilled lizard (D:3)
  2 rats
  2 fungi
111 creatures vanquished.

Vanquished Creatures (others)
  A spiny frog (Lair:6)
  A yak (D:14)
  A sky beast (D:14)
  An ogre (D:5)
  18 hexers
  A bush (Lair:6)
  12 fungi
  36 plants
71 creatures vanquished.

Grand Total: 665 creatures vanquished

Notes
Turn   | Place    | Note
-------+----------+-------------------------------------------
     0 | D:1      | 4thArraOfDagon the Octopode Arcane Marksman began the quest for the Orb.
     0 | D:1      | Reached XP level 1. HP: 13/13 MP: 2/2
   203 | D:2      | Found a faded altar of an unknown god.
   213 | D:2      | Became a worshipper of Hepliaklqana the Forgotten
   213 | D:2      | Reached * piety under Hepliaklqana
   223 | D:2      | Reached XP level 2. HP: 7/18 MP: 3/3
   514 | D:1      | Reached XP level 3. HP: 21/22 MP: 4/4
  1023 | D:2      | Reached ** piety under Hepliaklqana
  1024 | D:2      | Remembered your ancestor Amala as a hexer
  1228 | D:3      | Reached XP level 4. HP: 22/27 MP: 5/5
  1229 | D:3      | Reached skill level 1 in Invocations
  1333 | D:3      | Reached XP level 5. HP: 33/33 MP: 6/6
  1641 | D:4      | Reached XP level 6. HP: 31/38 MP: 8/8
  1825 | D:4      | Reached *** piety under Hepliaklqana
  1882 | D:5      | Entered Level 5 of the Dungeon
  1908 | D:5      | Gained mutation: You are covered in fur. (AC +1) [potion of mutation]
  1908 | D:5      | Gained mutation: Your flesh is cold resistant. (rC+) [potion of mutation]
  1953 | D:5      | Found a glowing silver altar of Zin.
  1955 | D:5      | Noticed an angel
  1960 | D:5      | Found a shimmering altar of Xom.
  2052 | D:5      | Reached skill level 1 in Maces & Flails
  2074 | D:5      | Noticed a water moccasin
  2096 | D:5      | Reached XP level 7. HP: 16/44 MP: 9/9
  2102 | D:5      | Reached skill level 5 in Fighting
  2102 | D:5      | Reached skill level 2 in Maces & Flails
  2162 | D:5      | Found a staircase to the Ecumenical Temple.
  2313 | D:5      | Noticed Pikel
  2348 | D:5      | Killed Pikel
  2348 | D:5      | Reached skill level 4 in Maces & Flails
  2348 | D:5      | Reached XP level 8. HP: 45/51 MP: 10/10
  2480 | D:6      | Reached skill level 5 in Dodging
  2721 | D:7      | Reached skill level 5 in Maces & Flails
  2939 | D:7      | Reached skill level 6 in Maces & Flails
  2956 | D:7      | Noticed a spriggan baker
  2962 | D:7      | Killed a spriggan baker
  2962 | D:7      | Reached XP level 9. HP: 37/56 MP: 11/11
  3198 | D:7      | Noticed a cyan ugly thing
  3215 | D:7      | Killed a cyan ugly thing
  3215 | D:7      | Reached skill level 7 in Maces & Flails
  3435 | D:6      | Reached skill level 1 in Evocations
  3593 | D:6      | Reached **** piety under Hepliaklqana
  3768 | D:6      | Reached skill level 8 in Maces & Flails
  3768 | D:6      | Reached XP level 10. HP: 63/63 MP: 13/13
  3964 | D:8      | Noticed Erica
  4185 | D:8      | You fall through a shaft for 2 floors!
  4185 | D:10     | Entered Level 10 of the Dungeon
  4185 | D:10     | Found a shimmering altar of Xom.
  4208 | D:10     | Reached skill level 5 in Invocations
  4342 | D:10     | Noticed a two-headed ogre
  4721 | D:8      | Found an ancient bone altar of Kikubaaqudgha.
  4788 | D:8      | Found a deep blue altar of Sif Muna.
  4790 | D:8      | Found a radiant altar of Vehumet.
  4794 | D:8      | Identified Sif Muna's Reference Book on Transformation
  4860 | D:8      | Noticed Amnesiac's ghost (novice CeHu)
  4987 | D:9      | Reached ***** piety under Hepliaklqana
  5030 | D:9      | Found a snail-covered altar of Cheibriados.
  5051 | D:9      | Noticed a two-headed ogre
  5067 | D:9      | Killed a two-headed ogre
  5067 | D:9      | Reached skill level 9 in Maces & Flails
  5426 | D:9      | Learned a level 3 spell: Regeneration
  5461 | D:10     | Killed a two-headed ogre
  5461 | D:10     | Reached skill level 1 in Charms
  5461 | D:10     | Reached skill level 1 in Necromancy
  5587 | D:10     | Noticed a two-headed ogre
  5600 | D:10     | Killed a two-headed ogre
  5600 | D:10     | Reached XP level 11. HP: 56/69 MP: 15/15
  5631 | D:10     | Found a staircase to the Lair.
  5756 | D:10     | Found a staircase to the Orcish Mines.
  5946 | D:12     | Noticed a two-headed ogre
  6568 | D:12     | Noticed a white ugly thing
  6583 | D:12     | Killed a white ugly thing
  6653 | D:12     | Reached skill level 10 in Maces & Flails
  6898 | D:12     | Noticed a deep elf mage
  6940 | D:12     | Killed a deep elf mage
  7296 | D:12     | Found Waethe's Antique Armour Boutique.
  7452 | D:13     | Killed an unseen horror
  7800 | D:13     | Noticed a purple ugly thing
  7810 | D:13     | Killed a purple ugly thing
  7810 | D:13     | Reached XP level 12. HP: 75/75 MP: 17/17
  8163 | D:13     | Reached skill level 11 in Maces & Flails
  8419 | D:13     | Noticed a tengu warrior
  8442 | D:13     | Killed a tengu warrior
  8530 | D:14     | Reached skill level 1 in Shields
  8825 | D:14     | Noticed a six-headed hydra
  8885 | D:10     | Noticed Joseph
  8895 | D:10     | Killed Joseph
  9087 | Orc:1    | Entered Level 1 of the Orcish Mines
  9379 | Orc:1    | Noticed Fannar
  9402 | Orc:1    | Killed Fannar
  9464 | Orc:2    | Entered Level 2 of the Orcish Mines
  9464 | Orc:2    | Noticed a stone giant
  9476 | Orc:2    | Killed a stone giant
  9476 | Orc:2    | Reached skill level 5 in Spellcasting
  9476 | Orc:2    | Reached XP level 13. HP: 32/82 MP: 20/20
  9568 | Orc:1    | Paralysed by an orc sorcerer for 6 turns
  9615 | Orc:2    | Reached skill level 12 in Maces & Flails
  9661 | Orc:2    | Found a staircase to the Elven Halls.
 10010 | Orc:2    | Reached skill level 10 in Fighting
 10309 | Orc:2    | Reached skill level 10 in Dodging
 10412 | Orc:2    | Found Saeto's Magic Scroll Shop.
 10412 | Orc:2    | Found Cusish's Magic Scroll Shop.
 10413 | Orc:2    | Found Jeommia's General Store.
 10418 | Orc:2    | Found Rerphizosh's Antique Weapon Shoppe.
 10420 | Orc:2    | Bought a scroll of identify for 24 gold pieces
 10420 | Orc:2    | Bought a scroll of magic mapping for 42 gold pieces
 10420 | Orc:2    | Bought a scroll of teleportation for 36 gold pieces
 10420 | Orc:2    | Bought a scroll of identify for 24 gold pieces
 10430 | Orc:2    | Bought a scroll of teleportation for 42 gold pieces
 10430 | Orc:2    | Bought a wand of paralysis (9) for 154 gold pieces
 10432 | Orc:2    | Bought a scroll of teleportation for 51 gold pieces
 10432 | Orc:2    | Bought a scroll of fog for 34 gold pieces
 10432 | Orc:2    | Bought a scroll of teleportation for 51 gold pieces
 10622 | Lair:1   | Entered Level 1 of the Lair of Beasts
 10829 | Lair:1   | Got a transparent long sword
 10830 | Lair:1   | Identified the +8 long sword of the Eternal Warrior {slice, Fragile rF+ Dex+3} (You found it on level 1 of the Lair of Beasts)
 11123 | Lair:2   | Reached skill level 13 in Maces & Flails
 11169 | Lair:2   | Found a staircase to the Swamp.
 11199 | Lair:2   | Noticed Nergalle
 11281 | Lair:2   | Reached ****** piety under Hepliaklqana
 11546 | Lair:3   | Found a frozen archway.
 11557 | IceCv    | Entered an ice cave
 12164 | IceCv    | Identified a scroll of acquirement
 12336 | Lair:4   | Reached XP level 14. HP: 86/89 MP: 18/24
 12435 | Lair:4   | Reached skill level 14 in Maces & Flails
 13149 | Lair:6   | Entered Level 6 of the Lair of Beasts
 13346 | Lair:6   | Reached skill level 15 in Maces & Flails
 13651 | Lair:6   | Found a viscous altar of Jiyva.
 13651 | Lair:6   | Found a staircase to the Slime Pits.
 13771 | Lair:6   | Found an opulent altar of Gozag.
 14271 | Lair:3   | Found a hole to the Spider Nest.
 14382 | Lair:2   | Killed Nergalle
 14382 | Lair:2   | Reached XP level 15. HP: 92/92 MP: 26/28
 14607 | Elf:1    | Entered Level 1 of the Elven Halls
 14648 | Elf:1    | Reached skill level 16 in Maces & Flails
 14795 | Elf:3    | Entered Level 3 of the Elven Halls
 14861 | Elf:2    | Found Vugew's Antique Weapon Shoppe.
 15007 | Elf:3    | Found Mieckah's Antique Armour Emporium.
 15052 | Elf:3    | Reached skill level 10 in Spellcasting
 15118 | Elf:3    | Got a slimy amber ring
 15119 | Elf:3    | Identified the ring of Gadwith {MP+9 Str-4 Int+2 Dex+4 Stlth+} (You acquired it on level 3 of the Elven Halls)
 15509 | Elf:3    | Killed from afar by a deep elf knight

Vault maps used:
D:1:      zelgadis_glass_arrival_small
D:2:      chequers_ecumenical_altar_island
D:5:      grunt_temple_overflow_order_and_chaos_1, temple_pool_b, first_ration,
          minivault_11, uniq_pikel
D:7:      cheibrodos_two_vegetables, nicolae_sextant,
          hangedman_abyss_or_decor_lesser_grid, st_stairs_4, the_bakery,
          minmay_three_doors
D:8:      grunt_temple_overflow_magic_moments, uniq_erica
D:9:      slow_altar_2
D:10:     lair_entry_dummy, david_orc_2, basic_altar, uniq_joseph
D:12:     serial_shops, shop
D:13:     hex_tiny, st_stairs_10
D:14:     cross_vault, david_vaults_5, nicolae_ru_sacrificial_ziggurat,
          uniq_urug
Lair:1:   grunt_megastairs_1
Lair:2:   minmay_swamp_entry_reptiles, uniq_nergalle
Lair:3:   nicolae_spider_entry_orb_guardian, portal_ice_cave_entry_pillars_2,
          serial_bayou_shore_b
Lair:4:   serial_bayou_pond_c
Lair:6:   minmay_lair_end_frog_pond, slime_altar_1, basic_altar,
          nicolae_quartered_pool_medium
Orc:1:    uniq_fannar
Orc:2:    st_orc_elflike
Elf:1:    elf_arrival_001, enter_trove_3, hangedman_elf_represent
Elf:2:    serial_shops, shop
Elf:3:    minmay_elf_hall_curves, serial_shops,
          nicolae_shop_temple_entry_statues_fountains, st_stairs_10,
          grunt_megastairs_2, uniq_mara
IceCv:    ice_cave_tombish

Skill      XL: |  1  2  3  4  5  6  7  8  9 10 11 12 13 14 15 |
---------------+----------------------------------------------+-----
Fighting       | 2 3 4 5 6 7 8 9 10 | 10.2
Invocations    | 2 3 4 6 7 |  7.0
Dodging        | 3 4 5 6 7 8 9 10 | 10.0
Maces & Flails | 1 4 6 8 9 10 11 13 15 16 | 16.9
Evocations     | 2 3 |  3.2
Charms         | 2 4 |  4.4
Necromancy     | 2 4 |  4.5
Spellcasting   | 3 5 7 9 10 | 10.2
Shields        | 3 4 |  4.1
Throwing       | |  2.0
Hexes          | |  3.0

Action                   |  1- 3 |  4- 6 |  7- 9 | 10-12 | 13-15 || total
-------------------------+-------+-------+-------+-------+-------++-------
Melee: Mace              |    49 |    47 |       |       |       ||    96
       Constrict         |    20 |    24 |    34 |    71 |   158 ||   307
       Unarmed           |     4 |       |       |       |       ||     4
       Tentacles         |    10 |    13 |    24 |    94 |   201 ||   342
       Trident           |       |    28 |     7 |       |       ||    35
       Whip              |       |       |   156 |   561 |   470 ||  1187
       Morningstar       |       |       |       |       |   651 ||   651
Throw: Javelin           |    12 |    10 |    16 |     9 |     2 ||    49
       Throwing net      |     1 |       |     1 |       |       ||     2
 Cast: Regeneration      |       |       |       |    43 |   189 ||   232
Invok: Recall Ancestor   |     1 |     3 |       |     4 |     6 ||    14
       Ancestor Life: He |     1 |       |       |       |       ||     1
       Idealise          |       |       |       |     4 |     7 ||    11
 Abil: Evoke Berserk Rag |       |       |       |     1 |     1 ||     2
Evoke: Wand              |       |       |     5 |    50 |    30 ||    85
  Use: Scroll            |       |     9 |     4 |     5 |    23 ||    41
       Potion            |       |     1 |       |     6 |     6 ||    13
 Stab: Sleeping          |     5 |     3 |     4 |     7 |    14 ||    33
       Confused          |       |     1 |     1 |    15 |     8 ||    25
       Held in net/web   |       |       |     1 |       |       ||     1
       Paralysed         |       |       |     7 |    35 |    10 ||    52
       Distracted        |       |       |     2 |     8 |    12 ||    22
  Eat: Chunk             |     1 |     3 |     5 |    10 |    27 ||    46
       Ration            |       |       |       |     4 |     2 ||     6
Armor: Skin              |     8 |     4 |     9 |    23 |    63 ||   107
Dodge: Dodged            |    41 |    57 |    77 |   216 |   438 ||   829
Block: Buckler           |       |       |       |    16 |   161 ||   177

Table legend:
 A = Spawn XP
 B = Non-spawn XP
 C = Spawn XP percentage of total XP
 D = Spawn monster count
 E = Non-spawn monster count
 F = Spawn count percentage of total count
 G = Total turns spent on level
                    A         B        C        D         E        F      G
               +---------+---------+-------+---------+---------+-------+---------
         Total |       0 |  108813 |   0.0 |       0 |     586 |   0.0 | 15509
               +---------+---------+-------+---------+---------+-------+---------
           D:1 |       0 |      30 |   0.0 |       0 |      16 |   0.0 |   587
           D:2 |       0 |      40 |   0.0 |       0 |      15 |   0.0 |   585
           D:3 |       0 |     209 |   0.0 |       0 |      26 |   0.0 |   445
           D:4 |       0 |      94 |   0.0 |       0 |      10 |   0.0 |   265
           D:5 |       0 |    1071 |   0.0 |       0 |      10 |   0.0 |   553
           D:6 |       0 |    1225 |   0.0 |       0 |      24 |   0.0 |   673
           D:7 |       0 |    2020 |   0.0 |       0 |      35 |   0.0 |   809
           D:8 |       0 |     474 |   0.0 |       0 |       8 |   0.0 |   570
           D:9 |       0 |    2364 |   0.0 |       0 |      34 |   0.0 |   770
          D:10 |       0 |    4725 |   0.0 |       0 |      29 |   0.0 |   857
          D:11 |       0 |    1617 |   0.0 |       0 |      19 |   0.0 |   646
          D:12 |       0 |    4865 |   0.0 |       0 |      48 |   0.0 |   920
          D:13 |       0 |    7259 |   0.0 |       0 |      24 |   0.0 |  1243
          D:14 |       0 |    4097 |   0.0 |       0 |       8 |   0.0 |   266
        Lair:1 |       0 |    1723 |   0.0 |       0 |      10 |   0.0 |   456
        Lair:2 |       0 |    2772 |   0.0 |       0 |      17 |   0.0 |   439
        Lair:3 |       0 |    3405 |   0.0 |       0 |      13 |   0.0 |   427
        Lair:4 |       0 |    7886 |   0.0 |       0 |      39 |   0.0 |   579
        Lair:5 |       0 |    3453 |   0.0 |       0 |      16 |   0.0 |   352
        Lair:6 |       0 |   19138 |   0.0 |       0 |      77 |   0.0 |   977
         Orc:1 |       0 |    1769 |   0.0 |       0 |       6 |   0.0 |   633
         Orc:2 |       0 |   12370 |   0.0 |       0 |      49 |   0.0 |   928
         Elf:1 |       0 |    3312 |   0.0 |       0 |       5 |   0.0 |   177
         Elf:2 |       0 |    1570 |   0.0 |       0 |       3 |   0.0 |    59
         Elf:3 |       0 |   17123 |   0.0 |       0 |      25 |   0.0 |   666
         IceCv |       0 |    4202 |   0.0 |       0 |      20 |   0.0 |   627
               +---------+---------+-------+---------+---------+-------+---------
